 Dungeon Crawl Stone Soup version 0.28.0-43-g3370ac3207 (webtiles) character file.

Game seed: 16646749994377695352

4 Acheron the Stinger (level 1, -4/14 HPs)
             Began as a Minotaur Venom Mage on Mar 7, 2022.
             Slain by a hobgoblin (5 damage)
             ... on level 1 of the Dungeon.
             The game lasted 00:01:19 (171 turns).

Acheron the Stinger (Minotaur Venom Mage)            Turns: 171, Time: 00:01:19

Health: -4/14      AC:  2    Str: 12    XL:     1   Next: 50%
Magic:  0/2        EV: 12    Int: 12    God:
Gold:   0          SH:  0    Dex: 10    Spells: 2/3 levels left

rFire   . . .      SeeInvis .   (no weapon)
rCold   . . .      Faith    .   (no shield)
rNeg    . . .      Spirit   .   a - +0 robe
rPois   .          Reflect  .   (helmet restricted)
rElec   .          Harm     .   (no cloak)
rCorr   .          Rampage  .   (no gloves)
Will    .....                   (no boots)
Stlth   ++........              (no amulet)
HPRegen 0.04/turn               (no ring)
MPRegen 0.08/turn               (no ring)

@: no status effects
A: horns 2, retaliatory headbutt
a: no special abilities


You were on level 1 of the Dungeon.
You visited 1 branch of the dungeon, and saw 1 of its levels.

Inventory:

Armour
 a - a +0 robe (worn)


   Skills:
 * Level 2.2 Dodging
 * Level 1.5 Stealth
 + Level 1.5 Spellcasting
 + Level 0.8 Transmutations
 + Level 2.2 Poison Magic


You had 2 spell levels left.
You knew the following spells:

 Your Spells              Type           Power      Damage    Failure   Level
a - Sting                 Tmut/Pois      16%        1d3       16%         1

Your spell library contained the following spells:

 Spells                   Type           Power      Damage    Failure   Level
 Poisonous Vapours        Pois/Air       6%         N/A       26%         2
 Mephitic Cloud           Conj/Pois/Air  2%         N/A       54%         3
 Olgreb's Toxic Radiance  Pois           6%         N/A       75%         4


Dungeon Overview and Level Annotations

Branches:
Dungeon (1/15)

Altars:


Innate Abilities, Weirdness & Mutations

You have a pair of horns on your head.
You reflexively headbutt those who attack you in melee.


Message History

* * * LOW HITPOINT WARNING * * *
The hobgoblin hits you but does no damage.
The kobold hits you but does no damage.
Things that are here:
a bat corpse; a ball python corpse The kobold hits you but does no damage.
You closely miss the rat. The rat bites you.
* * * LOW HITPOINT WARNING * * *
The hobgoblin hits the plant.
The plant begins to die.
You barely miss the rat. The rat completely misses you.
The hobgoblin hits the plant.
You hit the rat.
The rat is heavily wounded.
The rat bites you.
* * * LOW HITPOINT WARNING * * *
The hobgoblin hits the plant.
Found a pair of runed gloves.
An endoplasm comes into view.
Casting: Sting (safe; 16% risk of failure)
Confirm with . or Enter, or press ? or * to list all spells.
Aiming: Sting (safe; 16% risk of failure)
Press: ? - help, Shift-Dir - straight line, f - rat
Aim: a rat (heavily wounded, 64% to hit)
The sting hits the rat.
The rat is poisoned.
You kill the rat!
Casting: Sting (safe; 16% risk of failure)
Confirm with . or Enter, or press ? or * to list all spells.
Aiming: Sting (safe; 16% risk of failure)
Press: ? - help, Shift-Dir - straight line, f - hobgoblin
Aim: a hobgoblin (64% to hit)
The sting hits the hobgoblin.
The hobgoblin is poisoned.
The hobgoblin is lightly wounded.
The hobgoblin looks more healthy.
Casting: Sting (safe; 16% risk of failure)
Confirm with . or Enter, or press ? or * to list all spells.
You don't have enough magic to cast this spell.
You hit the hobgoblin.
The hobgoblin is severely wounded.
The hobgoblin hits you.
You die...

.
#.............
#.........##
#....K...[#
######†####
#.#######
#...K.K.#
#######.# #g#
#@# #.# #.#
#.. ###


You could see a hobgoblin and a kobold.

Vanquished Creatures
  An endoplasm (D:1)
  2 ball pythons (D:1)
  A bat (D:1)
  A rat (D:1)
5 creatures vanquished.

Vanquished Creatures (others)
  A plant (D:1)
1 creature vanquished.

Grand Total: 6 creatures vanquished

Notes
Turn   | Place    | Note
-------+----------+-------------------------------------------
     0 | D:1      | Acheron the Minotaur Venom Mage began the quest for the
                  | Orb.
     0 | D:1      | Reached XP level 1. HP: 14/14 MP: 1/1
     2 | D:1      | Noticed a vine stalker
     4 | D:1      | Noticed an octopode
     4 | D:1      | Noticed a formicid
     6 | D:1      | Noticed a demigod
     8 | D:1      | Noticed a draconian
     8 | D:1      | Noticed a naga
    10 | D:1      | Noticed a merfolk
    12 | D:1      | Noticed a gargoyle
    12 | D:1      | Noticed a vampire
    14 | D:1      | Noticed a dwarf
    14 | D:1      | Noticed a human
    16 | D:1      | Noticed a ghoul
    16 | D:1      | Noticed a demonspawn
    18 | D:1      | Noticed a troll
    18 | D:1      | Noticed a spriggan
    22 | D:1      | Noticed a tengu
    22 | D:1      | Noticed a felid
    24 | D:1      | Noticed an ogre
    24 | D:1      | Noticed an elf
    26 | D:1      | Noticed a minotaur
   171 | D:1      | Slain by a hobgoblin

Illustrated notes

Levels and vault maps discovered:
D:1:      kb_arrival_jail, layout_basic, chequers_ecumenical_altar_simple_redux,
          serial_bayou_ford_a

Action                   || total
-------------------------++-------
Melee: Unarmed           ||    13
       Headbutt          ||     2
 Cast: Sting             ||     2
Armor: Robe              ||     6
Dodge: Dodged            ||     8
